 Dungeon Crawl Stone Soup version 0.31-a0-430-gf8416d752b (webtiles) character file.

Game seed: 14278161468703395642

326 Bnni the Digger (level 6, 0/46 HPs)
             Began as a Formicid Earth Elementalist on July 31, 2023.
             Was an Initiate of Cheibriados.
             Slain by AdnanSaban's ghost (7 damage)
             ... on level 4 of the Dungeon.
             The game lasted 00:05:40 (4212 turns).

Bnni the Digger (Formicid Earth Elementalist)       Turns: 4212, Time: 00:05:40

Health: 0/46       AC:  8    Str: 14    XL:     6   Next: 79%
Magic:  2/10       EV: 11    Int: 17    God:    Cheibriados [......]
Gold:   175        SH:  5    Dex: 15    Spells: 5/11 levels left

rFire   . . .        e - staff of earth
rCold   . . .        (no shield)
rNeg    . . .        g - +3 ring mail
rPois   .            (helmet unavailable)
rElec   .            (no cloak)
rCorr   .            (no gloves)
SInv    +            (no boots)
Will    .....        i - amulet of reflection
Stlth   +            (no ring)
HPRegen 0.27/turn    (no ring)
MPRegen 0.12/turn

%: reflection
@: very slow
A: permanent stasis, dig shafts and tunnels, antennae 3, four strong arms
a: Dig, Shaft Self, Renounce Religion


You were on level 4 of the Dungeon.
You worshipped Cheibriados.
Cheibriados was noncommittal.
You visited 2 branches of the dungeon, and saw 5 of its levels.

You collected 175 gold pieces.

Inventory:

Hand Weapons
 r - a +4 vampiric demon trident
 w - a +1 dagger of venom
Missiles
 f - 14 poisoned darts
Armour
 g - a +3 ring mail (worn)
Magical Staves
 e - a staff of earth (weapon)
Jewellery
 i - an amulet of reflection (around neck)
Scrolls
 c - 7 scrolls of identify {unknown}
 h - 2 scrolls of enchant armour {unknown}
 j - 2 scrolls of revelation {unknown}
 k - a scroll of blinking {unknown}
 l - 2 scrolls of poison {unknown}
 m - 2 scrolls of teleportation {unknown}
 p - a scroll of torment {unknown}
 q - a scroll of enchant weapon {unknown}
 s - a scroll of fear {unknown}
 u - a scroll of fog {unknown}
Potions
 a - a potion of degeneration {unknown}
 b - a potion of magic
 d - 2 potions of attraction {unknown}
 n - 2 potions of curing {unknown}
 o - 2 potions of haste {unknown}
 t - a potion of mutation {unknown}
 v - a potion of might {unknown}


   Skills:
 + Level 2.4 Fighting
 + Level 1.9 Armour
 - Level 1.7 Dodging
 - Level 2.4 Stealth
 + Level 3.1 Spellcasting
 * Level 1.9 Conjurations
 - Level 3.0 Transmutations
 * Level 5.4 Earth Magic


You had 5 spell levels left.
You knew the following spells:

 Your Spells              Type           Power      Damage    Failure   Level
a - Sandblast             Erth           62%        2d14      3%          1
b - Passwall              Tmut/Erth      20%        N/A       9%          2
c - Stone Arrow           Conj/Erth      44%        3d9       22%         3

Your spell library contained the following spells:

 Spells                   Type           Power      Damage    Failure   Level
 Petrify                  Tmut/Erth      25%        N/A       52%         4


Dungeon Overview and Level Annotations

Branches:
Dungeon (4/15)             Temple (1/1) D:4

Altars:
Cheibriados
Elyvilon
Gozag
Hepliaklqana
Kikubaaqudgha
Nemelex Xobeh
Okawaru
Qazlal
Trog
Vehumet
Wu Jian
Xom
Zin
The Shining One

Annotations:
D:4 AdnanSaban's ghost, novice GrFi


Innate Abilities, Weirdness & Mutations

You cannot be hasted, slowed, berserked, paralysed or teleported.
You can dig through walls and to a lower floor.
You have a pair of large antennae on your head. (SInv)
Your four strong arms can wield two-handed weapons with a shield.


Message History

You feel a surge of power!
The blast of sand hits AdnanSaban's ghost but does no damage.
AdnanSaban's ghost is severely damaged.
You block AdnanSaban's ghost's attack.
Unknown command.
Aiming: Sandblast (safe; 3% risk of failure)
Press: ? - help, Q - select action, (/) - cycle Shift-Dir - straight line, f/p - AdnanSaban's ghost
Aim: AdnanSaban's ghost (severely damaged, 86% to hit)
You feel a surge of power!
The blast of sand hits AdnanSaban's ghost but does no damage.
AdnanSaban's ghost is severely damaged.
AdnanSaban's ghost hits you! AdnanSaban's ghost hits you.
Unknown command.
Aiming: Sandblast (safe; 3% risk of failure)
Press: ? - help, Q - select action, (/) - cycle Shift-Dir - straight line, f/p - AdnanSaban's ghost
Aim: AdnanSaban's ghost (severely damaged, 86% to hit)
You feel a surge of power!
The blast of sand hits AdnanSaban's ghost but does no damage.
AdnanSaban's ghost is severely damaged.
AdnanSaban's ghost hits you.
Aiming: Sandblast (safe; 3% risk of failure)
Press: ? - help, Q - select action, (/) - cycle Shift-Dir - straight line, f/p - AdnanSaban's ghost
Aim: AdnanSaban's ghost (severely damaged, 86% to hit)
You feel a surge of power!
The blast of sand hits AdnanSaban's ghost but does no damage.
AdnanSaban's ghost is severely damaged.
AdnanSaban's ghost hits you. AdnanSaban's ghost hits you!
* * * LOW HITPOINT WARNING * * *
Press: ? - help, v - describe, . - travel
Here: AdnanSaban's ghost (severely damaged)
The floor.
Okay, then.
Aiming: Sandblast (safe; 3% risk of failure)
Press: ? - help, Q - select action, (/) - cycle Shift-Dir - straight line, f/p - AdnanSaban's ghost
Aim: AdnanSaban's ghost (severely damaged, 86% to hit)
You feel a surge of power!
The blast of sand hits AdnanSaban's ghost but does no damage.
AdnanSaban's ghost is severely damaged.
AdnanSaban's ghost hits you!
You die...

#.....#...o...#..#.#.#.#.........
#.....#h.###..#..#.#.#...........
#.....#h$###..'..#.#.#.#####.....
......#.!.....'....#........<..##
......#..###..'..#.##....###.#.#
......#.W###..#..#[##....# #.#.#
......#.......#..........# #.#.#
......#########.W..#.....# #.#.#
................@#+#.....# #.#.#
....................>....# #.#.#
..........#######........# #.#.#
.........## #......#####.#.#
.........# ##'#.#.......#.#
.........#########[#.#.......#.#
................##.#.#.......#.#
................##.#.#.......#.#
######..........##.#)#######.#.#


You could see AdnanSaban's ghost.

Vanquished Creatures
  A phantom (D:4)
  A hound (D:4)
  Jessica (D:3)
  2 iguanas (D:4)
  An orc wizard (D:4)
  4 adders
  A worm (D:2)
  3 dart slugs
  2 orcs
  8 endoplasms
  A giant cockroach (D:2)
  7 hobgoblins
  5 jackals
  2 quokkas
  4 ball pythons
  5 bats
  10 frilled lizards
  10 goblins
  9 kobolds
  6 rats
83 creatures vanquished.

Notes
Turn   | Place    | Note
-------+----------+-------------------------------------------
     0 | D:1      | Bnni the Formicid Earth Elementalist began the quest for
                  | the Orb.
     0 | D:1      | Reached XP level 1. HP: 13/13 MP: 3/3
   272 | D:1      | Reached XP level 2. HP: 20/20 MP: 3/5
   314 | D:1      | Learned a level 2 spell: Passwall
   391 | D:1      | Reached skill level 4 in Earth Magic
   458 | D:1      | Found a faded altar of an unknown god.
   542 | D:1      | Reached skill level 1 in Fighting
   542 | D:1      | Reached XP level 3. HP: 23/26 MP: 2/6
  1148 | D:2      | Learned a level 3 spell: Stone Arrow
  1195 | D:2      | Reached XP level 4. HP: 32/32 MP: 7/7
  1418 | D:2      | Reached skill level 1 in Armour
  1545 | D:2      | Found a bloodstained altar of Trog.
  2158 | D:3      | Noticed Jessica
  2162 | D:3      | Killed Jessica
  2163 | D:3      | Reached XP level 5. HP: 34/38 MP: 6/9
  3083 | D:4      | Found a staircase to the Ecumenical Temple.
  3093 | Temple   | Entered the Ecumenical Temple
  3103 | Temple   | Became a worshipper of Cheibriados the Contemplative
  3145 | D:4      | Found a runed translucent gate.
  3146 | D:4      | Noticed AdnanSaban's ghost (novice GrFi)
  3147 | D:4      | Found a runed translucent gate.
  3148 | D:4      | Found a runed translucent gate.
  3179 | D:4      | Noticed a phantom
  3183 | D:4      | Killed a phantom
  3184 | D:4      | Reached skill level 1 in Conjurations
  3184 | D:4      | Reached skill level 5 in Earth Magic
  3184 | D:4      | Reached XP level 6. HP: 44/44 MP: 7/10
  4212 | D:4      | Slain by AdnanSaban's ghost

Illustrated notes

Levels and vault maps discovered:
D:1:      minmay_arrival_widening_spiral_wide, layout_basic,
          chequers_ecumenical_altar_grove, glass_columns_b, minivault_14,
          hangedman_decor_push, minmay_lizard_king
D:2:      layout_loops_ring, basic_altar, minivault_11
D:3:      layout_basic, grunt_decor_mini_mirrors, uniq_jessica
D:4:      layout_basic, minmay_temple_entry_poolview, gammafunk_ghost_split
Temple:   nicolae_temple_great_sept

Skill      XL: |  1  2  3  4  5  6 |
---------------+-------------------+-----
Earth Magic    | 4 5 |  5.4
Fighting       | 1 2 |  2.4
Armour         | 1 |  1.9
Transmutations | 2 3 |  3.0
Conjurations   | 1 |  1.9
Spellcasting   | 3 |  3.1
Dodging        | |  1.7
Stealth        | |  2.4

Action                     |  1- 3 |  4- 6 || total
---------------------------+-------+-------++-------
  Melee: Staff             |    60 |    25 ||    85
         Punch             |     1 |       ||     1
   Cast: Sandblast         |    25 |    62 ||    87
   Stab: Sleeping          |     5 |     2 ||     7
 Armour: Robe              |     5 |       ||     5
         Ring mail         |       |    11 ||    11
  Dodge: Dodged            |    26 |    19 ||    45
  Block: Other             |    13 |     9 ||    22
         Reflection        |       |     2 ||     2

Table legend: (Time is in decaauts)
 A = Elapsed time spent in this place.
 B = Non-inter-level travel time spent in this place.
 C = Inter-level travel time spent in this place.
 D = Time resting spent in this place.
 E = Time spent auto-exploring this place.
 F = Levels seen in this place.
 G = Mean time per level.
                   A        B        C        D        E       F      G
               +--------+--------+--------+--------+--------+-----+--------+
         Total |   4525 |   4391 |    134 |    114 |   3671 |   5 |  905.0 |
       Dungeon |   4501 |   4378 |    123 |    114 |   3671 |   4 | 1125.2 |
        Temple |     23 |     12 |     11 |      0 |      0 |   1 |   23.0 |
               +--------+--------+--------+--------+--------+-----+--------+

Top non-repeatable levels by time:
     D:4: 1491 daAuts
     D:3: 1223 daAuts
     D:1: 1006 daAuts
     D:2: 779 daAuts
  Temple: 23 daAuts
